 Dungeon Crawl Stone Soup version 0.23.1 (webtiles) character file.

Game seed: 9148424748243139333

2085 Fang the Skirmisher (level 9, -7/57 HPs)
             Began as a Gargoyle Berserker on Mar 11, 2019.
             Was a High Priest of Trog.
             Mangled by Prince Ribbit (11 damage)
             ... on level 7 of the Dungeon.
             The game lasted 00:07:06 (6417 turns).

Fang the Skirmisher (Gargoyle Berserker)            Turns: 6417, Time: 00:07:07

Health: -7/57      AC: 19    Str: 24    XL:     9   Next: 27%
Magic:  9/9        EV:  9    Int:  8    God:    Trog [*****.]
Gold:   271        SH:  0    Dex:  9    Spells: 8/8 levels left

rFire    + . .     SeeInvis .   D - +0 war axe
rCold    x . .     Gourm    .   (no shield)
rNeg     + . .     Faith    .   q - +0 plate armour
rPois    ∞         Spirit   .   (no helmet)
rElec    +         Reflect  .   (no cloak)
rCorr    .         Harm     .   (no gloves)
MR       .....                  (no boots)
Stlth    ..........             (no amulet)
HPRegen  0.19/turn              G - ring of fire
MPRegen  0.11/turn              (no ring)

@: no status effects
A: negative energy resistance 1, electricity resistance, unbreathing,
petrification resistance, rot immunity, AC +6
a: Berserk, Trog's Hand, Brothers in Arms, Renounce Religion


You were on level 7 of the Dungeon.
You worshipped Trog.
Trog was extremely pleased with you.
You were hungry.

You visited 2 branches of the dungeon, and saw 8 of its levels.
You also visited: Ossuary.

You collected 271 gold pieces.

Inventory:

Hand Weapons
 D - a +0 war axe (weapon)
Armour
 q - a +0 plate armour (worn)
Jewellery
 G - a ring of fire (left hand)
Wands
 b - a wand of polymorph (7)
 o - a wand of flame (9)
 t - a wand of disintegration (15)
 B - a wand of paralysis (10)
 F - a wand of iceblast (5)
Scrolls
 a - 2 scrolls of holy word {unknown}
 g - 6 scrolls of enchant weapon {unknown}
 h - 7 scrolls of remove curse {unknown}
 i - 3 scrolls of enchant armour {unknown}
 l - 3 scrolls of immolation {unknown}
 n - 2 scrolls of teleportation {unknown}
 p - 7 scrolls of identify {unknown}
 r - a scroll of amnesia {unknown}
 u - a scroll of fear {unknown}
 v - 3 scrolls of magic mapping {unknown}
 y - 2 scrolls of blinking {unknown}
 C - a scroll of fog {unknown}
 E - a scroll of vulnerability {unknown}
Potions
 d - a potion of berserk rage {unknown}
 e - 2 potions of agility {unknown}
 f - 2 potions of might {unknown}
 j - a potion of flight {unknown}
 k - 2 potions of curing {unknown}
 m - 2 potions of invisibility {unknown}
 s - a potion of brilliance {unknown}
 w - a potion of lignification {unknown}
 x - 2 potions of degeneration {unknown}
 z - a potion of mutation {unknown}
Comestibles
 c - 12 rations
 A - a chunk of flesh


   Skills:
 + Level 7.3 Fighting
 + Level 6.1 Axes
 + Level 6.8 Armour
 + Level 5.1 Dodging


You had 8 spell levels left.
You didn't know any spells.
Your spell library was empty.

Dungeon Overview and Level Annotations

Branches:
Dungeon (7/15)             Temple (1/1) D:6

Altars:
Dithmenos
Fedhas
Hepliaklqana
Makhleb
Qazlal
Uskayaw
Xom

Shops:
D:6 !

Annotations:
D:6 exclusion: oklob plant
D:7 Prince Ribbit


Innate Abilities, Weirdness & Mutations

You are resistant to torment.
Your stone body is resilient. (AC +6)
You are immune to poison.
You resist negative energy. (rN+)
You are resistant to electric shocks. (rElec)
You can survive without breathing.
You are immune to petrification.
You are immune to rotting.


Message History

Prince Ribbit hits you but does no damage.
You are too injured to fight recklessly!
You are too injured to fight recklessly!
You are too injured to fight recklessly!
Your plate armour prevents you from hitting Prince Ribbit.
Prince Ribbit hits you. x2
You slash Prince Ribbit!
Prince Ribbit is moderately wounded.
Prince Ribbit barely misses you.
Prince Ribbit lets out a mournful croak.
Prince Ribbit hits you.
* * * LOW HITPOINT WARNING * * *
You miss Prince Ribbit.
Prince Ribbit is moderately wounded.
Prince Ribbit hits you!
* * * LOW HITPOINT WARNING * * *
You closely miss Prince Ribbit.
Prince Ribbit is moderately wounded.
Prince Ribbit hits you!
You die...

..#.....##.#.....## ##.###..
#....#.........#.# #..##..#
#..#.........###.# #(###.##
#...........####.# #.##..##
..#...#..........#########.##.###
......##.)......:..........##.###
..###.....#..........##..........
.###...#..##.....................
.......... #...F@....####........
##### .. #.........####.....(..
#<......).............
#..........###........
#........>## #........
###.#....## #........ ......###
#>....... ###....# #########
#.#..#


You could see Prince Ribbit.

Vanquished Creatures
  A hungry ghost (D:7)
  A water moccasin (D:6)
  4 sky beasts
  An orc warrior (D:7)
  3 ogres
  A bullfrog (D:6)
  An elf zombie (Ossuary)
  A wyvern skeleton (D:6)
  A scorpion (D:7)
  3 centaur zombies
  2 hounds
  4 orc priests
  A human zombie (Ossuary)
  A bullfrog skeleton (D:5)
  A centaur skeleton (D:4)
  Ijyb (D:3)
  Terence (D:2)
  5 orc wizards
  3 worker ants
  2 big kobold zombies (Ossuary)
  2 mummies (Ossuary)
  10 adders
  2 oozes
  2 worms (D:2)
  A dart slug (D:1)
  3 leopard geckos
  20 orcs
  7 giant cockroaches
  9 goblins
  11 hobgoblins
  3 jackals (D:4)
  7 kobolds
  2 quokkas
  2 ball pythons (D:2)
  A ball python skeleton (D:4)
  7 bats
  2 frilled lizards (D:1)
  2 goblin zombies (Ossuary)
  5 hobgoblin zombies (Ossuary)
  A jackal zombie (Ossuary)
  12 kobold zombies (Ossuary)
  A leopard gecko skeleton (D:6)
  10 orc zombies (Ossuary)
  A quokka zombie (D:7)
  4 rats
  A rat zombie (Ossuary)
166 creatures vanquished.

Notes
Turn   | Place    | Note
-------+----------+-------------------------------------------
     0 | D:1      | Fang the Gargoyle Berserker began the quest for the Orb.
     0 | D:1      | Reached XP level 1. HP: 14/14 MP: 1/1
    67 | D:1      | Reached XP level 2. HP: 7/19 MP: 2/2
   604 | D:1      | Reached XP level 3. HP: 23/23 MP: 3/3
   947 | D:2      | Found a blossoming altar of Fedhas.
  1044 | D:2      | Reached ** piety under Trog
  1591 | D:2      | Noticed Terence
  1607 | D:2      | Killed Terence
  1607 | D:2      | Reached XP level 4. HP: 6/29 MP: 4/4
  1865 | D:2      | Reached skill level 4 in Fighting
  2160 | D:3      | Found a hazy altar of Hepliaklqana.
  2186 | D:3      | Reached XP level 5. HP: 33/33 MP: 5/5
  2422 | D:3      | Noticed Ijyb
  2439 | D:3      | Killed Ijyb
  3064 | D:4      | Reached *** piety under Trog
  3064 | D:4      | Reached XP level 6. HP: 39/39 MP: 6/6
  3622 | D:5      | Entered Level 5 of the Dungeon
  3636 | D:5      | Found a shadowy altar of Dithmenos.
  3767 | D:5      | Noticed a sky beast
  3805 | D:5      | Killed a sky beast
  3805 | D:5      | Reached skill level 5 in Fighting
  3805 | D:5      | Reached XP level 7. HP: 32/44 MP: 7/7
  4216 | D:6      | Reached skill level 5 in Armour
  4250 | D:6      | Found a staircase to the Ecumenical Temple.
  4285 | D:6      | Reached XP level 8. HP: 49/51 MP: 8/8
  4286 | D:6      | Found a sand-covered staircase.
  4334 | Ossuary  | Entered an ossuary
  4368 | Ossuary  | Reached **** piety under Trog
  4483 | Ossuary  | Reached skill level 6 in Fighting
  4493 | Ossuary  | Reached skill level 5 in Axes
  4887 | D:6      | Found a stormy altar of Qazlal.
  4893 | D:6      | Noticed an air elemental
  5095 | D:6      | Noticed a water elemental
  5129 | Temple   | Entered the Ecumenical Temple
  5388 | D:6      | Reached ***** piety under Trog
  5498 | D:6      | Found a hide-covered altar of Uskayaw.
  5499 | D:6      | Noticed an oklob plant
  5750 | D:6      | Found Wiasiung's Distillery.
  6075 | D:7      | Reached XP level 9. HP: 52/56 MP: 9/9
  6080 | D:7      | Reached skill level 7 in Fighting
  6087 | D:7      | Reached skill level 5 in Dodging
  6382 | D:7      | Paralysed by fainting for 10 turns
  6400 | D:7      | Noticed Prince Ribbit
  6417 | D:7      | Mangled by Prince Ribbit

Skill      XL: |  1  2  3  4  5  6  7  8  9 |
---------------+----------------------------+-----
Axes           | 3 4 5 6 |  6.1
Dodging        | 2 3 4 5 |  5.1
Armour         | 3 4 5 6 |  6.8
Fighting       | 4 5 6 7 |  7.3

Action                   |  1- 3 |  4- 6 |  7- 9 || total
-------------------------+-------+-------+-------++-------
Melee: Hand axe          |   114 |   271 |   303 ||   688
       War axe           |       |       |   144 ||   144
Invok: Berserk           |     3 |     2 |     3 ||     8
  Eat: Chunk             |     4 |    10 |    11 ||    25
       Ration            |       |       |     2 ||     2
Armor: Animal skin       |    26 |       |       ||    26
       Chain mail        |       |    40 |       ||    40
       Plate armour      |       |   156 |   315 ||   471
Dodge: Dodged            |    69 |   109 |   170 ||   348
